Map: Frozen Temple

Players

Scheba - Winner!

  • Race: Zerg Zerg

capac

  • Race: Terran Terran
  • League: Gold

VOD

Have the link to the VOD?

Description

Time

  • Played on: April 30, 2016, 1:02 p.m.
  • Length: 20:30
Show
View Real Time Build Order
Export as new Build Order

Scheba Zerg - Winner!

Build Orders: Hatch First, Muta Ling Bane 

Get SALT Encoding   

  12  0:02  Drone  
  13  0:13  Overlord  
  13  0:19  Drone  
  14  0:35  Drone  
  15  0:56  Hatchery  
  14  1:05  Spawning Pool  
  14  1:06  Drone  
  14  1:20  Drone  
  14  1:22  Extractor  
  14  1:26  Drone  
  14  1:28  Overlord  
  15  1:51  Queen  
  17  2:13  Extractor  
  16  2:16  Queen  
  16  2:17  Drone  
  16  2:21  Drone  
  16  2:22  Drone  
  21  2:23  Drone  
  21  2:25  Drone  
  24  2:35  Queen  
  26  2:42  Drone  
  26  2:43  Drone  
  27  2:56  Drone  
  27  2:58  Drone x3  
  31  3:02  Overlord  
  31  3:27  Drone x2  
  31  3:29  Drone x2  
  35  3:49  Hatchery  
  34  4:02  Drone x4  
  40  4:07  Zergling x2  
  40  4:09  Metabolic Boost  
  41  4:14  Lair  
  39  4:25  Zergling x2  
  40  4:34  Roach Warren  
  40  4:35  Drone x3  
  40  4:37  Extractor, Drone x3  
  44  4:39  Overlord  
  44  4:40  Overlord, Extractor  
  44  4:41  Extractor  
  42  4:57  Zergling x2  
  42  5:03  Baneling Nest, Drone x5  
  46  5:18  Spire  
  45  5:34  Overseer  
  45  5:43  Overlord  
  45  5:49  Pneumatized Carapace  
  45  6:23  Evolution Chamber  
  44  6:27  Evolution Chamber  
  44  6:29  Queen  
  44  6:32  Mutalisk x7  
  51  6:33  Zergling x6  
  51  6:34  Zergling x6  
  65  6:45  Baneling x2  
  62  7:00  Zerg Ground Armor Level 1  
  51  7:08  Queen  
  49  7:10  Zergling x6  
  49  7:11  Zergling x4  
  49  7:12  Zergling x10  
  57  7:20  Drone x3  
  57  7:21  Drone x6  
  66  7:25  Overlord  
  66  7:41  Zerg Melee Weapons Level 1  
  66  7:44  Extractor  
  54  8:17  Baneling Nest  
  53  8:38  Drone x3  
  56  8:46  Zergling x2  
  56  8:47  Zergling x30  
  72  8:49  Hatchery  
  72  8:53  Drone  
  72  9:15  Drone x2  
  72  9:16  Overlord x2  
  74  9:39  Overseer  
  74  9:43  Extractor  
  74  9:45  Zergling x2, Extractor  
  73  9:46  Zergling x6  
  73  9:48  Overlord  
  76  9:55  Zerg Ground Armor Level 2  
  76  9:56  Zerg Melee Weapons Level 2  
  76  9:57  Centrifical Hooks  
  76  10:02  Baneling x7  
  76  10:03  Baneling x6  
  76  10:04  Baneling  
  76  10:08  Hatchery  
  77  10:16  Overseer  
  76  10:25  Mutalisk  
  78  10:36  Drone x2  
  78  10:37  Zergling x2, Drone x5  
  78  10:38  Zergling x2  
  81  11:02  Hatchery, Drone x6  
  86  11:05  Overseer  
  86  11:07  Overlord x3  
  86  11:25  Infestation Pit  
  85  11:26  Drone  
  85  11:29  Mutalisk x2  
  85  11:30  Mutalisk x5  
  85  11:31  Mutalisk  
  102  11:38  Zerg Flyer Weapons Level 1  
  102  12:05  Drone x8  
  102  12:07  Hive  
  85  12:32  Corruptor x7  
  98  12:42  Zergling x6  
  98  12:43  Zergling x12  
  107  13:07  Baneling x6  
  107  13:08  Baneling  
  107  13:09  Drone x3  
  107  13:10  Drone x4  
  114  13:12  Extractor  
  114  13:14  Extractor  
  112  13:20  Adrenal Glands  
  112  13:21  Zerg Melee Weapons Level 3  
  112  13:27  Queen  
  112  13:28  Ultralisk Cavern, Drone x2  
  101  14:08  Zerg Ground Armor Level 3  
  101  14:14  Queen  
  103  14:20  Ultralisk x3, Zergling x2  
  103  14:21  Zergling x4  
  103  14:23  Greater Spire  
  124  14:25  Drone  
  124  14:27  Overlord x2  
  124  14:28  Overlord  
  125  14:42  Baneling x6  
  125  14:43  Baneling x2  
  125  15:07  Ultralisk x3  
  125  15:08  Ultralisk  
  149  15:15  Baneling x6  
  149  15:16  Baneling  
  149  15:24  Overlord x2  
  149  15:25  Overlord  
  127  15:53  Zergling x2  
  127  15:54  Zergling x26  
  127  15:55  Zergling x28  
  149  15:59  Chitinous Plating  
  147  16:05  Zergling x4  
  147  16:06  Zergling x34  
  166  16:13  Baneling x4  
  166  16:22  Overseer x2  
  166  16:34  Overlord x2  
  162  16:58  Extractor  
  161  17:10  Baneling x5  
  161  17:11  Baneling x5  
  161  17:23  Extractor  
  98  18:19  Zergling x4  
  76  18:20  Zergling x14, Ultralisk  
  76  18:21  Zergling x14, Ultralisk x2  
  76  18:22  Zergling x4  
  76  18:23  Ultralisk x2  
  133  18:31  Zergling x10  
  118  19:30  Corruptor x2  
  122  19:31  Corruptor x2  
  122  19:33  Corruptor x5  
  122  19:36  Overlord x3  
  136  19:59  Baneling x5  
  136  20:00  Baneling x2  
  136  20:04  Hatchery  
  134  20:13  Hatchery  
Show
View Real Time Build Order
Export as new Build Order

capac Terran 

Build Orders: Reaper Expand, MMM Bio 

Get SALT Encoding   

  12  0:00  SCV  
  13  0:12  SCV  
  14  0:18  Supply Depot  
  14  0:25  SCV  
  15  0:40  SCV  
  15  0:41  Barracks  
  16  0:46  Refinery  
  16  0:52  SCV  
  17  1:04  SCV  
  18  1:16  SCV  
  19  1:30  Orbital Command  
  19  1:32  Reaper  
  20  2:15  Command Center  
  20  2:19  Supply Depot  
  20  2:21  Refinery  
  20  2:22  Factory  
  20  2:25  Barracks  
  20  2:27  Barracks Reactor  
  20  2:40  SCV  
  21  2:52  SCV  
  21  2:56  Bunker  
  22  3:04  SCV  
  23  3:15  Marine  
  23  3:16  Marine  
  23  3:17  Barracks Tech Lab  
  23  3:19  Barracks  
  25  3:20  Factory Tech Lab  
  25  3:23  Starport  
  25  3:35  SCV  
  25  3:36  Orbital Command  
  25  3:39  Marine  
  25  3:40  Marine  
  28  3:49  Marine  
  28  3:51  Stimpack  
  28  3:55  SCV  
  30  3:59  Supply Depot  
  30  4:07  SCV  
  31  4:10  Marine x3  
  31  4:16  Marine  
  35  4:23  Starport Reactor  
  35  4:25  Supply Depot  
  35  4:26  Siege Tank  
  35  4:28  Marine  
  39  4:34  Barracks Reactor  
  39  4:37  SCV  
  40  4:39  Marine x2  
  42  4:52  Supply Depot, Marine  
  43  5:01  Medivac x2  
  43  5:02  SCV x2  
  43  5:03  Marine x2  
  51  5:13  Marine x3  
  54  5:15  SCV x2  
  54  5:21  Marine  
  56  5:25  Supply Depot  
  56  5:27  SCV  
  56  5:28  SCV  
  59  5:29  Marine  
  60  5:37  Marine x2  
  60  5:39  SCV  
  60  5:40  SCV  
  63  5:46  Supply Depot  
  63  5:52  Supply Depot  
  63  6:02  SCV x2  
  63  6:03  Medivac  
  63  6:04  Medivac  
  69  6:05  Marine x5  
  69  6:07  Siege Tank  
  77  6:24  Marauder  
  79  6:32  Marine x3  
  80  6:33  Marine  
  80  6:39  Barracks x2, Medivac x2  
  87  6:40  Barracks  
  84  7:06  Engineering Bay  
  84  7:07  Engineering Bay  
  75  7:18  Marine x3  
  75  7:19  Marine x2  
  79  7:35  Barracks Reactor x2  
  79  7:36  Marine x3, Barracks Reactor  
  82  7:38  Command Center  
  82  7:42  SCV x2  
  84  7:47  Refinery  
  84  7:54  SCV x2  
  78  8:10  Marine x4  
  78  8:11  Marine x2  
  78  8:12  Marine  
  79  8:18  Missile Turret  
  79  8:21  Missile Turret  
  79  8:23  SCV x2  
  79  8:24  Missile Turret  
  81  8:27  Missile Turret  
  76  8:40  Marine  
  76  8:41  Marine x6  
  78  8:47  SCV x2  
  85  8:52  Refinery  
  85  8:59  Marine x4  
  85  9:00  Marine  
  90  9:06  SCV  
  91  9:14  Marine x6  
  97  9:17  Orbital Command  
  97  9:22  Missile Turret  
  97  9:25  Liberator x2  
  97  9:42  Supply Depot  
  103  9:51  Marine  
  103  9:52  Marine x5  
  108  9:53  Orbital Command  
  109  10:03  Marine x4  
  113  10:09  Marine  
  113  10:10  Marine x3  
  117  10:17  Supply Depot  
  117  10:18  Supply Depot  
  117  10:25  Combat Shields  
  117  10:27  Terran Infantry Weapons Level 1  
  117  10:29  Terran Infantry Armor Level 1  
  117  10:39  Marine x8  
  117  10:40  Marine x3  
  128  10:56  Marine x5  
  133  11:09  Liberator x2  
  133  11:25  Supply Depot  
  133  11:26  Marine x6, SCV x3  
  133  11:31  Supply Depot x2  
  148  11:35  Starport  
  148  11:38  SCV  
  149  11:41  SCV x2  
  149  11:44  Marine x5  
  156  11:50  Missile Turret  
  156  11:51  SCV  
  157  12:09  Medivac x2  
  157  12:12  Supply Depot  
  157  12:13  Marine x4  
  157  12:14  Marine x4  
  169  12:18  Supply Depot x2  
  169  12:20  Supply Depot  
  160  12:25  Liberator  
  160  12:26  Liberator  
  106  12:35  Marine x3  
  106  12:36  Marine x8  
  117  12:42  Starport Tech Lab  
  123  12:49  Armory  
  123  12:50  SCV x2  
  125  12:53  Marine x3  
  125  12:54  Marine x3  
  125  12:58  Refinery  
  131  12:59  Refinery  
  131  13:05  Sensor Tower  
  131  13:13  Marine  
  131  13:14  Marine x5  
  137  13:26  Missile Turret  
  137  13:30  Starport  
  137  13:45  Liberator x3  
  132  14:05  Marine  
  132  14:06  Marine x5  
  132  14:07  Marine x3  
  147  14:26  Starport Reactor  
  147  14:28  Liberator x2  
  147  14:31  Liberator  
  156  15:06  Liberator  
  156  15:07  Liberator  
  156  15:09  Missile Turret  
  156  15:13  Marine  
  157  15:14  Marine x10  
  173  15:31  Marine  
  173  15:32  Marine x7  
  121  15:47  Marine x3  
  121  15:49  Marine  
  117  15:50  Marine x6  
  113  16:07  Marine x3  
  113  16:08  Marine x7  
  123  16:15  Marine  
  124  16:25  Marine x2  
  116  16:50  Liberator x3  
  116  17:01  Marine x4  
  116  17:02  Marine x5  
  116  17:03  Marine  
  116  17:04  Marauder  
  137  17:25  Command Center  
  85  18:25  Marine x4  
  85  18:26  Marine x4  
  93  18:43  Marine x8  
  101  19:01  Marine x8  
  80  19:18  Marine, Orbital Command  
  77  19:38  Marine  
Tags
 
Add a new tag
Caveats
  • Supply blocks, unpowered buildings, or Contaminate may cause inaccurate times.
  • Supply counts are checked every 10 seconds.